 Dungeon Crawl Stone Soup version 0.30.0-19-g36f170ea60 (webtiles) character file.

Game seed: 16561062796434218948

510 DildoBatman the Conjurer (level 7, 0/52 HPs)
             Began as a Formicid Conjurer on May 30, 2023.
             Slain by a water moccasin (5 damage)
             ... in a sewer on June 1, 2023.
             The game lasted 00:17:01 (3671 turns).

DildoBatman the Conjurer (Formicid Conjurer)        Turns: 3671, Time: 00:17:01

Health: 0/52       AC:  5    Str: 11    XL:     7   Next: 42%
Magic:  12/12      EV: 12    Int: 20    God:
Gold:   65         SH:  0    Dex: 12    Spells: 7/13 levels left

rFire   . . .        b - +0 quarterstaff
rCold   . . .        (no shield)
rNeg    . . .        v - +0 leather armour of the Evening {Will+}
rPois   .            (helmet unavailable)
rElec   .            (no cloak)
rCorr   .            y - +0 pair of gloves
SInv    +            r - +0 pair of boots
Will    +....        (no amulet)
Stlth   ++           (no ring)
HPRegen 0.28/turn    (no ring)
MPRegen 0.13/turn

%: no passive effects
@: lethally poisoned (0 -> -7), very slightly contaminated
A: permanent stasis, dig shafts and tunnels, antennae 3, four strong arms
a: Dig


You were in a sewer.
You visited 1 branch of the dungeon, and saw 5 of its levels.
You also visited: Sewer.

You collected 145 gold pieces.
You spent 80 gold pieces at shops.

Inventory:

Hand Weapons
 a - a +0 sling
 b - a +0 quarterstaff (weapon)
Missiles
 m - 24 stones
 t - 5 poisoned darts (quivered)
Armour
 r - a +0 pair of boots (worn)
 v - the +0 leather armour of the Evening (worn) {Will+}
   (You found it on level 3 of the Dungeon)

   Will:      It increases your willpower.
 y - a +0 pair of gloves (worn)
Wands
 x - a wand of charming (4)
 z - a wand of polymorph (3)
Scrolls
 g - a scroll of acquirement {unknown}
 k - a scroll of blinking {unknown}
 o - 2 scrolls of noise
 s - 2 scrolls of enchant weapon
 u - a scroll of amnesia
 A - a scroll of teleportation {unknown}
Potions
 c - a potion of attraction {unknown}
 d - 2 potions of might {unknown}
 f - 2 potions of curing
 i - a potion of mutation {unknown}
 j - 6 potions of haste {unknown}
 l - 3 potions of heal wounds {unknown}
 n - a potion of magic
 q - a potion of resistance {unknown}


   Skills:
 * Level 3.3 Fighting
 * Level 3.2 Armour
 - Level 3.0 Dodging
 - Level 4.0 Stealth
 * Level 3.7 Spellcasting
 - Level 4.1 Conjurations
 * Level 2.1 Earth Magic


You had 7 spell levels left.
You knew the following spells:

 Your Spells              Type           Power      Damage    Failure   Level
a - Searing Ray           Conj           40%        2d5       4%          2
b - Stone Arrow           Conj/Erth      32%        3d9       14%         3
c - Magic Dart            Conj           80%        1d7       3%          1

Your spell library contained the following spells:

 Spells                   Type           Power      Damage    Failure   Level
 Dazzling Flash           Conj/Hex       24%        N/A       22%         3
 Fulminant Prism          Conj/Hex       6%         3d7       56%         4
 Iskenderun's Mystic Bla  Conj/Tloc      12%        2d5       56%         4


Dungeon Overview and Level Annotations

Branches:
Dungeon (5/15)              Sewer (1/1)
 Temple: D:4-7

Altars:

Shops:
D:1 (   D:4 :

Annotations:
D:3 Jessica
D:5 4 runed translucent doors


Innate Abilities, Weirdness & Mutations

You cannot be hasted, slowed, berserked, paralysed or teleported.
You can dig through walls and to a lower floor.
You have a pair of large antennae on your head. (SInv)
Your four strong arms can wield two-handed weapons with a shield.


Message History

Aim: a water moccasin (poison gas, severely wounded, 100% to hit)
The magic dart hits the water moccasin!
The water moccasin is almost dead.
The water moccasin bites you.
The water moccasin bites you but does no damage.
Aiming: Throw Flame
Press: ? - help, Q - select action, (/) - cycle Shift-Dir - straight line, f/p - water moccasin
Aim: a water moccasin (poison gas, almost dead, 48% to hit)
The puff of flame misses the water moccasin.
The water moccasin bites you!
Aiming: Throw Flame
Press: ? - help, Q - select action, (/) - cycle Shift-Dir - straight line, f/p - water moccasin
Aim: a water moccasin (poison gas, almost dead, 48% to hit)
The puff of flame misses the water moccasin.
The now-empty wand crumbles to dust.
The water moccasin bites you.
You are poisoned.
The water moccasin poisons you! The water moccasin barely misses you.
Unknown command.
Throw: 7 darts (poison)
Press: ? - help, Q - select action, (/) - cycle Shift-Dir - straight line, f/p - water moccasin
Aim: a water moccasin (almost dead, 38% to hit)
You throw a poisoned dart.
The poisoned dart hits the water moccasin.
The water moccasin is almost dead.
You feel very sick. The water moccasin barely misses you.
Throw: 6 darts (poison)
Press: ? - help, Q - select action, (/) - cycle Shift-Dir - straight line, f/p - water moccasin
Aim: a water moccasin (almost dead, 38% to hit)
You throw a poisoned dart.
The poisoned dart closely misses the water moccasin.
You feel very sick.
The water moccasin bites you but does no damage.
Magic courses through your body.
You feel sick. The water moccasin bites you! The water moccasin bites you.
You die...

..... §(. ☼.☼ ...
#.# ####### #§#
##.....## #§#
##...≈...#
#S#######...≈≈≈.†.
#@○.○...☼..≈≈≈≈≈.∩
#.#######...≈≈≈.††
#☼# ##...≈...# #.#
##.†...## #.#
####### #§# #○#
#☼# ###


You could see a water moccasin.

Vanquished Creatures
  An ogre (D:4)
  A phantom (D:4)
  A scorpion (D:4)
  A howler monkey (D:5)
  An orc priest (D:5)
  2 iguanas (D:5)
  An orc wizard (D:5)
  8 adders
  A river rat (D:5)
  A worm (D:3)
  2 dart slugs
  3 orcs (D:5)
  3 ball pythons
  6 endoplasms
  7 giant cockroaches
  2 goblins
  4 hobgoblins
  3 kobolds
  2 quokkas
  10 bats
  A frilled lizard (D:1)
  2 rats
63 creatures vanquished.

Notes
Turn   | Place    | Note
-------+----------+-------------------------------------------
     0 | D:1      | DildoBatman the Formicid Conjurer began the quest for the
                  | Orb.
     0 | D:1      | Reached XP level 1. HP: 13/13 MP: 3/3
   245 | D:1      | Reached XP level 2. HP: 20/20 MP: 1/5
   248 | D:1      | Learned a level 2 spell: Searing Ray
   318 | D:1      | Found Filuriabe's Weapon Shop.
   730 | D:2      | Reached XP level 3. HP: 25/25 MP: 0/6
   770 | D:2      | Reached skill level 1 in Armour
   894 | D:2      | Found a faded altar of an unknown god.
   924 | D:2      | Reached skill level 1 in Fighting
   979 | D:2      | Reached XP level 4. HP: 29/32 MP: 3/7
  1272 | D:3      | Noticed Jessica
  1467 | D:3      | Identified the +0 leather armour of the Evening {Will+}
  2246 | D:4      | Noticed a phantom
  2322 | D:4      | Reached XP level 5. HP: 38/38 MP: 5/9
  2323 | D:4      | Noticed an ogre
  2490 | D:4      | Killed an ogre
  2639 | D:4      | Reached XP level 6. HP: 36/46 MP: 0/10
  2782 | D:4      | Found Xalanek's Tiny Tomes.
  2786 | D:4      | Bought the Discourse on the Fjord for 80 gold pieces
  2790 | D:4      | Learned a level 3 spell: Stone Arrow
  3193 | D:5      | Entered Level 5 of the Dungeon
  3203 | D:5      | Reached skill level 1 in Earth Magic
  3222 | D:5      | Reached XP level 7. HP: 17/52 MP: 0/12
  3230 | D:5      | Found a large runed translucent door.
  3230 | D:5      | Found a large runed translucent door.
  3231 | D:5      | Noticed a troll
  3235 | D:5      | Noticed a yak
  3244 | D:5      | Found a large runed translucent door.
  3244 | D:5      | Found a large runed translucent door.
  3465 | D:5      | Noticed a troll
  3545 | D:5      | Found a glowing drain.
  3593 | Sewer    | Entered a sewer
  3654 | Sewer    | Noticed a water moccasin
  3671 | Sewer    | Slain by a water moccasin

Illustrated notes

Levels and vault maps discovered:
D:1:      amcnicky_arrival_choice, layout_basic, serial_shops, shop,
          chequers_serial_rivers_micro_c
D:2:      layout_basic, hellmonk_ecumenical_altar_run_dry
D:3:      layout_basic, uniq_jessica
D:4:      layout_loops_corners, mrwooster_statue_mirror,
          nicolae_shop_i_like_small_books_too
D:5:      minmay_clustersquares, layout_basic, gup_sewer_entry_bowl,
          minmay_hollow_rounded_squares
Sewer:    sewer_big_baddie

Skill      XL: |  1  2  3  4  5  6  7 |
---------------+----------------------+-----
Dodging        | 2 3 |  3.0
Armour         | 1 2 3 |  3.2
Fighting       | 1 2 3 |  3.3
Stealth        | 3 4 |  4.0
Spellcasting   | 3 |  3.7
Conjurations   | 4 |  4.1
Earth Magic    | 1 2 |  2.1

Action                     |  1- 3 |  4- 6 |  7- 9 || total
---------------------------+-------+-------+-------++-------
  Melee: Spear             |     6 |       |       ||     6
         Whip              |     1 |       |       ||     1
         Rapier            |       |     3 |       ||     3
         Quarterstaff      |       |       |    19 ||    19
   Fire: Sling             |       |    30 |     7 ||    37
  Throw: Dart              |       |       |     2 ||     2
   Cast: Magic Dart        |    44 |    10 |     4 ||    58
         Searing Ray       |       |    20 |     7 ||    27
         Stone Arrow       |       |       |     2 ||     2
  Evoke: Wand              |       |       |    16 ||    16
    Use: Scroll            |       |     4 |     1 ||     5
         Potion            |       |       |     1 ||     1
 Armour: Robe              |     3 |     2 |       ||     5
         Leather armour    |       |     3 |    36 ||    39
  Dodge: Dodged            |     6 |    14 |    49 ||    69
